[Event "Titled Tuesday Blitz June 28 Late 2022"]
[White "Hansen, Eric"]
[Black "Baches Garcia, Guillermo"]
[WhiteFideId "2606771"]
[BlackFideId "2209764"]
[WhiteElo "2568"]
[BlackElo "2507"]
[Result "1-0"]
[Round "05"]
[TimeControl "180+1"]
[Date "2022.06.29"]
[WhiteClock "0:00:53"]
[BlackClock "0:00:06"]

1. e4 c5 2. Nf3 d6 3. d4 cxd4 4. Nxd4 Nf6 5. Nc3 Nc6 6. Bg5 e6 7. Qd2 h6 8. Be3 Ng4 9. Nxc6 bxc6 10. Bf4 e5 11. Bg3 Be7 12. Be2 O-O 13. O-O Be6 14. Bxg4 Bxg4 15. f3 Be6 16. Na4 Rb8 17. b3 f5 18. exf5 Bxf5 19. c4 Bg5 20. Qc3 Bf6 21. Rad1 Qe7 22. Qe3 Rfe8 23. Rfe1 Rbd8 24. Nc3 Qf7 25. Bf2 d5 26. cxd5 cxd5 27. Qxa7 Qxa7 28. Bxa7 d4 29. Ne4 Bxe4 30. Rxe4 Ra8 31. Bc5 Rxa2 32. b4 Kf7 33. Rde1 Rea8 34. f4 exf4 35. Bxd4 Bxd4+ 36. Rxd4 Rb2 37. Rxf4+ Kg6 38. h4 Raa2 39. Rg4+ Kh5 40. Rxg7 Kxh4 41. Re4+ Kh5 42. Re3 Rxb4 43. Rh3+ Rh4 44. g4# 1-0


[Site "https://www.chess.com"]

[Event "Titled Tuesday Blitz June 28 Late 2022"]
[White "Holt, Conrad"]
[Black "Pulpan, Jakub"]
[WhiteFideId "2034387"]
[BlackFideId "302759"]
[WhiteElo "2586"]
[BlackElo "2495"]
[Result "0-1"]
[Round "05"]
[TimeControl "180+1"]
[Date "2022.06.28"]
[WhiteClock "0:00:03"]
[BlackClock "0:00:47"]

1. d4 Nf6 2. c4 e6 3. Nc3 Bb4 4. Qc2 O-O 5. e4 d5 6. e5 Ne4 7. Bd3 c5 8. Nf3 cxd4 9. Nxd4 Nd7 10. Bf4 Qh4 11. g3 Qh5 12. f3 Bxc3+ 13. bxc3 Nec5 14. g4 Nxd3+ 15. Qxd3 dxc4 16. gxh5 cxd3 17. Rg1 Rd8 18. Kd2 a6 19. Bg5 Re8 20. Rae1 b5 21. h4 Kf8 22. h6 g6 23. h5 Bb7 24. hxg6 fxg6 25. Rg4 Bd5 26. Nb3 Kg8 27. Rd4 Nb6 28. f4 Rac8 29. Kxd3 Na4 30. Rc1 Rf8 31. Rc2 Rf7 32. Na5 Rfc7 33. Rxa4 bxa4 34. c4 Rc5 35. cxd5 Rxd5+ 36. Ke4 Rxc2 37. Nb7 Rxa2 38. Nd6 Rxd6 39. exd6 Rd2 40. Ke5 Kf7 41. f5 Rd5+ 42. Ke4 gxf5+ 0-1


[Site "https://www.chess.com"]

[Event "Titled Tuesday Blitz June 28 Late 2022"]
[White "Howell, David W L"]
[Black "Gokerkan, Cem Kaan"]
[WhiteFideId "410608"]
[BlackFideId "6336760"]
[WhiteElo "2559"]
[BlackElo "2382"]
[Result "1-0"]
[Round "05"]
[TimeControl "180+1"]
[Date "2022.06.28"]
[WhiteClock "0:00:01"]
[BlackClock "0:00:06"]

1. e3 b6 2. e4 Bb7 3. Nc3 e6 4. d4 Bb4 5. Ne2 Bxe4 6. a3 Bxc3+ 7. Nxc3 Bg6 8. h4 h6 9. h5 Bf5 10. g4 Bh7 11. d5 Nf6 12. g5 Nxd5 13. gxh6 gxh6 14. Nxd5 exd5 15. Rh3 Qf6 16. Rf3 Qh4 17. Qxd5 Nc6 18. Qxf7+ Kd8 19. Bxh6 Nd4 20. O-O-O c5 21. Bh3 Qe7 22. Qxe7+ Kxe7 23. Re3+ Kd6 24. Bg7 Rhg8 25. Bxd4 cxd4 26. Rxd4+ Kc5 27. Rxd7 Rg1+ 28. Kd2 Bg8 29. Re5+ Kc6 30. Rd4 Rf8 31. Bd7+ Kc7 32. f4 Rg2+ 33. Kc3 Rh2 34. Bb5 a6 35. Bxa6 Kc6 36. Bd3 b5 37. Be4+ Kb6 38. Bd3 Rc8+ 39. Kb4 Ra8 40. Rxb5+ Kc7 41. Rc5+ Kb6 42. Rd6+ Kb7 43. Be4+ Ka7 44. Ra5+ Kb8 45. Rxa8+ Kc7 46. Rc6+ Kd7 47. Ra7+ Kd8 48. Bf5 Bd5 49. Rc8# 1-0


[Site "https://www.chess.com"]

[Event "Titled Tuesday Blitz June 28 Late 2022"]
[White "Janaszak, Dawid"]
[Black "Pakleza, Zbigniew"]
[WhiteFideId "1119206"]
[BlackFideId "1119290"]
[WhiteElo "2199"]
[BlackElo "2467"]
[Result "0-1"]
[Round "05"]
[TimeControl "180+1"]
[Date "2022.06.28"]
[WhiteClock "0:00:04"]
[BlackClock "0:00:08"]

1. e4 d6 2. Nc3 Nf6 3. Nge2 c6 4. d4 b5 5. a3 e5 6. g3 Nbd7 7. Bg2 Bb7 8. O-O Be7 9. h3 a5 10. Be3 O-O 11. Qd2 Re8 12. g4 b4 13. Nd1 bxa3 14. bxa3 Bf8 15. f4 exd4 16. Qxd4 c5 17. Qb2 Bxe4 18. f5 Rb8 19. Qa2 Bxg2 20. Kxg2 d5 21. Nf4 d4 22. Bf2 Nb6 23. Bg3 c4 24. Rb1 Nfd5 25. Nxd5 Qxd5+ 26. Kg1 Rb7 27. Qb2 Bc5 28. Qb5 d3+ 29. Kh2 Re2+ 30. Nf2 dxc2 31. Rbe1 Rxe1 32. Rxe1 h5 33. Re8+ Kh7 34. Qb2 Qd2 35. f6 c1=Q 0-1


[Site "https://www.chess.com"]

[Event "Titled Tuesday Blitz June 28 Late 2022"]
[White "Jaracz, Pawel"]
[Black "Deac, Bogdan-Daniel"]
[WhiteFideId "1102222"]
[BlackFideId "1226380"]
[WhiteElo "2459"]
[BlackElo "2648"]
[Result "0-1"]
[Round "05"]
[TimeControl "180+1"]
[Date "2022.06.28"]
[WhiteClock "0:00:01"]
[BlackClock "0:00:12"]

1. e4 c5 2. Nf3 d6 3. d4 cxd4 4. Nxd4 Nf6 5. Nc3 a6 6. h3 e5 7. Nde2 h5 8. Bg5 Be6 9. Bxf6 Qxf6 10. Nd5 Qd8 11. Nec3 g6 12. a4 Bh6 13. Bc4 O-O 14. O-O Nc6 15. Qd3 Rc8 16. b4 Nxb4 17. Qe2 Nc6 18. Rab1 Na5 19. Ba2 Rc5 20. Rfd1 Kg7 21. Rd3 Qc8 22. Nb6 Qc6 23. Bd5 Qc7 24. Qe1 Nc6 25. Bb3 Nb4 26. Rf3 Qxb6 27. Bxe6 fxe6 28. Rxf8 Kxf8 29. Na2 Nxc2 30. Qd1 Qc6 31. a5 Nd4 32. Nb4 Qxe4 33. Nd3 Rb5 34. Ra1 Rb3 0-1


[Site "https://www.chess.com"]

[Event "Titled Tuesday Blitz June 28 Late 2022"]
[White "Jaskolka, Tomasz"]
[Black "Adewumi, Tanitoluwa"]
[WhiteFideId "1170791"]
[BlackFideId "30966396"]
[WhiteElo "2073"]
[BlackElo "2647"]
[Result "0-1"]
[Round "05"]
[TimeControl "180+1"]
[Date "2022.06.29"]
[WhiteClock "0:00:06"]
[BlackClock "0:00:05"]

1. d4 Nf6 2. Bf4 e6 3. e3 b6 4. Nf3 Bb7 5. Nbd2 Be7 6. Bd3 d6 7. c3 O-O 8. Qe2 a6 9. h3 Nbd7 10. e4 Re8 11. O-O-O c5 12. Kb1 b5 13. e5 Nd5 14. Bh2 cxd4 15. cxd4 Nb4 16. exd6 Bf6 17. Ne5 Nxd3 18. Qxd3 Bd5 19. Ne4 Rc8 20. g4 Bxe5 21. dxe5 Qa5 22. Nc3 Bxh1 23. Rxh1 b4 24. Ne4 Qd5 25. Rd1 Rc4 26. Ng5 Qxd3+ 27. Rxd3 f6 28. Nf3 Re4 29. exf6 gxf6 30. a3 a5 31. axb4 axb4 32. Nd4 Nc5 33. Rd1 Rd8 34. Nc6 Rd7 35. Rd4 Re1+ 36. Kc2 Re2+ 37. Kd1 Rxf2 38. Bg1 Rf1+ 39. Ke2 Rxg1 40. Nxb4 Rg2+ 41. Kf3 Rxb2 42. Nc6 Rb6 43. Ne7+ Kf7 44. Nc8 Rb8 45. Ne7 Rxe7 46. dxe7 Kxe7 47. h4 Nd7 48. g5 Ne5+ 49. Kf4 Ng6+ 50. Kg4 fxg5 51. h5 Ne5+ 52. Kg3 g4 53. Re4 Nf7 54. Kxg4 Kf6 55. Rf4+ Kg7 56. Ra4 e5 57. Kf5 Rb6 58. Ra7 Rf6+ 59. Ke4 Rf4+ 60. Kd5 Kh6 61. Ke6 e4 62. Ra4 Kxh5 63. Kd5 Kg4 64. Ra1 Ng5 65. Rg1+ Kf5 66. Rh1 h5 67. Rxh5 e3 68. Rh8 e2 69. Rh1 Rf1 70. Rh8 Rd1+ 71. Kc4 e1=Q 72. Rf8+ Kg4 73. Rf6 Rc1+ 74. Kd3 Qc3+ 75. Ke2 Re1+ 76. Kf2 Nh3+ 77. Kg2 Qxf6 78. Kh2 Qe6 79. Kg2 Qb3 80. Kh2 Qe3 81. Kg2 Qh6 82. Kh2 Qh5 83. Kg2 Qh8 84. Kh2 Nf4# 0-1


[Site "https://www.chess.com"]

[Event "Titled Tuesday Blitz June 28 Late 2022"]
[White "Jeet, Jain"]
[Black "Flynn, Jacob"]
[WhiteFideId "5073022"]
[BlackFideId "2509393"]
[WhiteElo "2055"]
[BlackElo "1896"]
[Result "0-1"]
[Round "05"]
[TimeControl "180+1"]
[Date "2022.06.29"]
[WhiteClock "0:00:05"]
[BlackClock "0:00:05"]

1. Nf3 Nf6 2. g3 d5 3. Bg2 c6 4. O-O Bg4 5. c4 e6 6. b3 Nbd7 7. Bb2 Bd6 8. d3 O-O 9. Nbd2 Re8 10. Qc2 a5 11. a3 h6 12. e4 dxe4 13. dxe4 e5 14. Rfe1 Bc5 15. h3 Bh5 16. Nf1 Qb6 17. g4 Bg6 18. Ng3 Nf8 19. Nxe5 Bh7 20. Nd3 Bd4 21. c5 Qd8 22. Rad1 Bxb2 23. Nxb2 Qc7 24. Nc4 Ne6 25. Nd6 Red8 26. Qc3 b6 27. cxb6 Qxb6 28. e5 Nd5 29. Bxd5 cxd5 30. Rxd5 Nf4 31. Rd2 Nxh3+ 32. Kg2 Nf4+ 33. Kh2 Rab8 34. Qf3 Nd3 35. Qxf7+ Kh8 36. Re3 Rf8 37. Qe6 Nxf2 38. Ree2 Bg8 39. Qg6 Rf4 40. Nh5 Rxg4 41. Qf5 Rg5 42. Qxf2 Rxh5+ 43. Kg1 Rg5+ 44. Kf1 Qxb3 45. Ne4 Qb1+ 46. Re1 Bc4+ 47. Re2 Qxe4 48. e6 Rf5 0-1


[Site "https://www.chess.com"]

[Event "Titled Tuesday Blitz June 28 Late 2022"]
[White "Jessel, Stephen"]
[Black "Wang, Isaac"]
[WhiteFideId "628859"]
[BlackFideId "30977185"]
[WhiteElo "2268"]
[BlackElo "2320"]
[Result "1-0"]
[Round "05"]
[TimeControl "180+1"]
[Date "2022.06.29"]
[WhiteClock "0:00:07"]
[BlackClock "0:00:10"]

1. Nf3 d5 2. c4 c6 3. g3 Nf6 4. Bg2 Bf5 5. cxd5 cxd5 6. Qb3 Qb6 7. Nc3 e6 8. d3 Nc6 9. O-O Be7 10. Be3 Qxb3 11. axb3 O-O 12. Nd4 Nxd4 13. Bxd4 a6 14. e4 dxe4 15. dxe4 Bg6 16. Rfd1 Rfd8 17. e5 Ne8 18. Bb6 Rxd1+ 19. Rxd1 Bc2 20. Rd7 Kf8 21. Bxb7 Rb8 22. Ba7 Rd8 23. Rxd8 Bxd8 24. Bc5+ Be7 25. b4 Nc7 26. f4 Bd3 27. Kf2 g5 28. Ke3 Bc4 29. fxg5 Ke8 30. Ne4 Nd5+ 31. Bxd5 Bxd5 32. Bxe7 Kxe7 33. Nf6 Bb3 34. Nxh7 Kd7 35. Kd4 Bc2 36. Nf6+ Kc6 37. h4 Kb5 38. Kc3 Bf5 39. h5 1-0


[Site "https://www.chess.com"]

[Event "Titled Tuesday Blitz June 28 Late 2022"]
[White "Kaganskiy, Gleb"]
[Black "Bolanos, Fernando"]
[WhiteFideId "4132025"]
[BlackFideId "3304094"]
[WhiteElo "2165"]
[BlackElo "2048"]
[Result "1-0"]
[Round "05"]
[TimeControl "180+1"]
[Date "2022.06.29"]
[WhiteClock "0:00:52"]
[BlackClock "0:00:11"]

1. a3 d5 2. g3 Nf6 3. Bg2 c6 4. Nf3 Bf5 5. O-O e6 6. d4 Be7 7. Nbd2 O-O 8. Re1 h6 9. Nh4 Bh7 10. e4 Nxe4 11. Nxe4 dxe4 12. Bxe4 Bxh4 13. Bxh7+ Kxh7 14. gxh4 Qxh4 15. Qd3+ Kg8 16. c3 Nd7 17. Qg3 Qxg3+ 18. hxg3 Nf6 19. Bf4 Rfd8 20. Be5 Nd7 21. Bf4 Nb6 22. b3 a5 23. a4 Nd5 24. Bd2 Rd7 25. Kg2 Ne7 26. Re2 Rad8 27. Be1 b6 28. f3 Rd5 29. Bf2 b5 30. axb5 Rxb5 31. Ra3 Rdb8 32. c4 Rxb3 33. Rxa5 Rc3 34. Ra7 Nf5 35. d5 exd5 36. cxd5 cxd5 37. Rd7 d4 38. Bxd4 Nxd4 39. Rxd4 Rb7 40. Rde4 Kh7 41. R4e3 Rc5 42. Re5 Rc1 43. Re1 Rc6 44. Re7 Rb2+ 45. R1e2 Rcc2 46. Rxc2 Rxc2+ 47. Kh3 Kg6 48. f4 h5 49. Rd7 f6 50. Rb7 Kh6 51. Ra7 Rc1 52. Kg2 Rc8 53. Kh3 Kg6 54. Kg2 Rc2+ 55. Kh3 Rc8 56. Kg2 Rf8 57. Kh3 Kh6 58. Kg2 g5 59. fxg5+ Kxg5 60. Ra5+ Kg6 61. Kh3 Rb8 62. Rc5 Rb1 63. Rd5 Re1 64. Ra5 Re5 65. Ra4 Kg5 66. Rb4 Re1 67. Rb5+ Re5 68. Rb4 Rc5 69. Ra4 Kf5 70. Rf4+ Kg5 71. Ra4 Kg6 72. Rb4 Ra5 73. Rc4 Ra1 74. Rb4 Rh1+ 75. Kg2 Re1 76. Kh3 Re3 77. Ra4 Kg5 78. Ra5+ f5 79. Ra4 Re4 80. Ra8 h4 81. Rg8+ Kh5 82. Rh8+ Kg5 83. Rg8+ Kh5 84. Rh8+ Kg6 85. Rxh4 Re1 86. Ra4 Kg5 87. Ra5 Rh1+ 88. Kg2 Rb1 89. Kf3 Rb3+ 90. Kg2 Rb2+ 91. Kh3 Rb1 92. Rc5 Rb2 93. Rd5 Rb1 94. Rc5 Rb2 95. Ra5 Rb1 96. Ra8 Rb2 97. Rg8+ Kf6 98. Rf8+ Kg5 99. Rg8+ Kf6 100. g4 fxg4+ 101. Rxg4 Kf5 102. Ra4 Rb3+ 103. Kg2 Rc3 104. Kf2 Ke5 105. Ke2 Rc5 106. Ke3 Rc3+ 107. Kd2 Rb3 108. Ra5+ Kd4 109. Ra4+ Kd5 110. Rh4 Rg3 111. Rh5+ Kd4 112. Rh4+ Kd5 113. Ke2 Ra3 114. Kf2 Ke5 115. Rh5+ Kf4 116. Rh8 Ra2+ 117. Ke1 Kf3 118. Rf8+ Ke3 119. Re8+ Kd3 120. Rd8+ Ke3 121. Kd1 Kf3 122. Kc1 Ke3 123. Kb1 Ra7 124. Kc2 Rc7+ 125. Kb3 Ke4 126. Re8+ Kd5 127. Rd8+ Kc6 128. Rh8 Rd7 129. Kc4 Rg7 130. Rf8 Kd7 131. Rf1 Rg4+ 132. Kd3 Rg5 133. Ke4 Ke6 134. Ra1 Rg4+ 135. Kf3 Kf5 136. Ra5+ 1-0


[Site "https://www.chess.com"]

[Event "Titled Tuesday Blitz June 28 Late 2022"]
[White "Kamsky, Gata"]
[Black "Pershin, Denis"]
[WhiteFideId "2000024"]
[BlackFideId "24165506"]
[WhiteElo "2645"]
[BlackElo "2275"]
[Result "0-1"]
[Round "05"]
[TimeControl "180+1"]
[Date "2022.06.28"]
[WhiteClock "0:00:37"]
[BlackClock "0:01:06"]

1. e4 c6 2. d4 d5 3. e5 Bf5 4. h4 h5 5. Bd3 Bxd3 6. Qxd3 e6 7. Bg5 Qb6 8. b3 c5 9. c3 Nc6 10. Nf3 Rc8 11. dxc5 Bxc5 12. O-O Nh6 13. Bxh6 gxh6 14. Nbd2 Rg8 15. b4 Be7 16. g3 Rxg3+ 17. Kh1 Nxe5 18. Qe2 Rh3+ 19. Kg2 Nxf3 20. Nxf3 Rxc3 21. Kxh3 Qxb4 22. Rg1 Qxh4+ 23. Kg2 Qg4+ 24. Kh1 Qxf3+ 25. Qxf3 Rxf3 26. Kg2 Rc3 27. Rgc1 Rxc1 28. Rxc1 Kd7 29. Kf3 e5 30. a4 b6 31. Rh1 h4 32. Kg4 Ke6 33. Rc1 f5+ 34. Kh5 Bc5 35. f3 e4 36. Kxh4 d4 37. fxe4 fxe4 38. Kg3 Kd5 39. Kf4 Bd6+ 40. Kf5 d3 41. Rd1 Kd4 0-1


[Site "https://www.chess.com"]

[Event "Titled Tuesday Blitz June 28 Late 2022"]
[White "Khan, Taffin"]
[Black "Colpe, Malte"]
[WhiteFideId "19700024"]
[BlackFideId "24623075"]
[WhiteElo "2001"]
[BlackElo "2328"]
[Result "0-1"]
[Round "05"]
[TimeControl "180+1"]
[Date "2022.06.29"]
[WhiteClock "0:00:10"]
[BlackClock "0:00:22"]

1. e4 c5 2. Nf3 Nc6 3. c3 e5 4. Bd3 Nf6 5. Bc2 d5 6. d3 Be7 7. h3 O-O 8. O-O d4 9. Nbd2 Ne8 10. Nc4 Qc7 11. Qe2 b5 12. Ncd2 Nd6 13. a4 b4 14. c4 Re8 15. b3 Bf8 16. Re1 g6 17. Nf1 Bg7 18. g4 f5 19. gxf5 gxf5 20. exf5 Bxf5 21. Ng5 h6 22. Ne4 Nxe4 23. dxe4 Bxh3 24. Qh5 Qd7 25. Ng3 Qg4 26. Qxg4 Bxg4 27. Kg2 d3 28. Bxd3 Nd4 29. Rb1 Bf3+ 30. Kg1 Rad8 31. Bf1 Rd6 32. Bg2 Rg6 33. Be3 Rf8 34. Bxd4 exd4 35. Bxf3 Rxf3 36. Kg2 Rc3 37. Kf1 Be5 38. Nf5 Kh7 39. Ke2 Rg4 40. Rh1 Rxe4+ 41. Kf1 Bf4 42. Rg1 Bg5 0-1


[Site "https://www.chess.com"]

[Event "Titled Tuesday Blitz June 28 Late 2022"]
[White "Khismatullin, Denis"]
[Black "Navarrete Mendez, Gonzalo Alberto"]
[WhiteFideId "4142578"]
[BlackFideId "5106850"]
[WhiteElo "2543"]
[BlackElo "2261"]
[Result "1/2-1/2"]
[Round "05"]
[TimeControl "180+1"]
[Date "2022.06.28"]
[WhiteClock "0:00:09"]
[BlackClock "0:00:17"]

1. d4 d5 2. c4 dxc4 3. e4 b5 4. a4 c6 5. b3 e5 6. Nf3 Nf6 7. axb5 cxb5 8. bxc4 Nxe4 9. Bd3 Bb4+ 10. Kf1 Bb7 11. Qe2 f5 12. cxb5 O-O 13. dxe5 Kh8 14. Be3 Nd7 15. Ra4 Bc5 16. Bxe4 fxe4 17. Nd4 Nxe5 18. Nd2 Bxd4 19. Rxd4 Qf6 20. h3 a6 21. Kg1 axb5 22. Kh2 Nd3 23. Nxe4 Qe5+ 24. Ng3 Nf4 25. Rxf4 Rxf4 26. Bxf4 Qxf4 27. Rd1 Rf8 28. Rd7 Bc6 29. Rd2 h6 30. Kg1 Re8 31. Qd1 Qe5 32. Kh2 Rf8 33. Rd6 Qc5 34. f3 Bxf3 35. Qd4 Qxd4 36. Rxd4 Bc6 37. Rd6 Rc8 38. Nf5 Rc7 39. Nd4 Be4 40. Re6 Bd5 41. Re5 Bc4 42. Nxb5 Bxb5 43. Rxb5 Rf7 44. Rb4 Kh7 45. Rb3 Rf6 46. Rg3 1/2-1/2


[Site "https://www.chess.com"]

[Event "Titled Tuesday Blitz June 28 Late 2022"]
[White "Kohler, Aran"]
[Black "Chernomordik, Pavel"]
[WhiteFideId "1002856"]
[BlackFideId "2804530"]
[WhiteElo "2270"]
[BlackElo "2220"]
[Result "0-1"]
[Round "05"]
[TimeControl "180+1"]
[Date "2022.06.29"]
[WhiteClock "0:00:09"]
[BlackClock "0:00:12"]

1. d4 g6 2. c3 Bg7 3. Bg5 b6 4. Nd2 Bb7 5. e3 c5 6. Ngf3 d6 7. Bd3 Nd7 8. Be4 d5 9. Bd3 Ngf6 10. h4 h6 11. Bf4 Ne4 12. h5 g5 13. Bh2 e6 14. Qe2 f5 15. Bb5 a6 16. Bxd7+ Qxd7 17. Ne5 Qb5 18. Qxb5+ axb5 19. Ng6 Rg8 20. Nxe4 dxe4 21. Bc7 Ra6 22. O-O Kd7 23. Be5 Bd5 24. a3 Bxe5 25. Nxe5+ Kc7 26. Rac1 Rf8 27. Ng6 Rfa8 28. f3 exf3 29. gxf3 Kd6 30. Ne5 Rf8 31. e4 fxe4 32. fxe4 Rxf1+ 33. Rxf1 Bxe4 34. Nf7+ Kd5 35. dxc5 bxc5 36. Nxh6 Kc4 37. Ng4 Kb3 38. Rf2 Bf5 39. Ne5 Ra7 40. Rh2 Rh7 41. h6 g4 42. Kf2 Kxb2 43. Kg3+ Kxc3 44. Nxg4 b4 45. Nf6 Rh8 46. axb4 cxb4 47. Kf4 b3 0-1


[Site "https://www.chess.com"]

[Event "Titled Tuesday Blitz June 28 Late 2022"]
[White "Kostiukov, Alexandr"]
[Black "Papp, Levente"]
[WhiteFideId "14108100"]
[BlackFideId "751243"]
[WhiteElo "2202"]
[BlackElo "2308"]
[Result "0-1"]
[Round "05"]
[TimeControl "180+1"]
[Date "2022.06.29"]
[WhiteClock "0:00:13"]
[BlackClock "0:01:26"]

1. g3 Nf6 2. Bg2 e5 3. c4 c6 4. Nf3 e4 5. Nd4 Qb6 6. Nb3 d5 7. cxd5 cxd5 8. O-O Nc6 9. d3 Bf5 10. dxe4 Bxe4 11. Nc3 Bxg2 12. Kxg2 d4 13. Na4 Qb4 14. Nd2 b5 15. Qc2 Rc8 16. Nc3 dxc3 17. bxc3 Qc5 18. Qd3 Be7 19. e4 O-O 20. Nf3 Ne5 21. Nxe5 Qxe5 22. Bb2 Rfd8 0-1


[Site "https://www.chess.com"]

[Event "Titled Tuesday Blitz June 28 Late 2022"]
[White "Kovacevic, Radmila"]
[Black "Romero Ruscalleda, Josep"]
[WhiteFideId "933171"]
[BlackFideId "2231859"]
[WhiteElo "2115"]
[BlackElo "2280"]
[Result "1-0"]
[Round "05"]
[TimeControl "180+1"]
[Date "2022.06.29"]
[WhiteClock "0:00:13"]
[BlackClock "0:00:09"]

1. e4 g6 2. d4 Bg7 3. Nf3 d6 4. c3 Nf6 5. e5 dxe5 6. Nxe5 O-O 7. Bc4 c5 8. Qb3 e6 9. dxc5 Qc7 10. Nd3 Nbd7 11. Bf4 e5 12. Be3 Ng4 13. O-O Nxe3 14. fxe3 Nxc5 15. Nxc5 Qxc5 16. Bxf7+ Kh8 17. c4 Bg4 18. Nd2 Rad8 19. Ne4 Qc7 20. Bd5 b6 21. Rxf8+ Bxf8 22. h3 Bf5 23. Ng5 Bc5 24. Nf7+ Kg7 25. Nxd8 Qxd8 26. Kh1 Qh4 27. Qc3 Kh6 28. Qxe5 Kh5 29. g4+ Kh6 30. gxf5 Qxh3+ 31. Qh2 Qxh2+ 32. Kxh2 gxf5 33. Re1 Kg5 34. Kg2 Kf6 35. Kf3 Ke5 36. Rh1 f4 37. exf4+ Kd4 38. Rd1# 1-0


[Site "https://www.chess.com"]

[Event "Titled Tuesday Blitz June 28 Late 2022"]
[White "Ladopoulos, Dimitrios"]
[Black "Romanchuk, Viktor"]
[WhiteFideId "4239580"]
[BlackFideId "14109271"]
[WhiteElo "2195"]
[BlackElo "2242"]
[Result "1-0"]
[Round "05"]
[TimeControl "180+1"]
[Date "2022.06.28"]
[WhiteClock "0:00:47"]
[BlackClock "0:00:03"]

1. Nf3 d5 2. c4 c6 3. d4 Nf6 4. e3 e6 5. Nc3 Nbd7 6. Qc2 Bd6 7. b3 O-O 8. Bb2 e5 9. cxd5 cxd5 10. Nb5 Bb4+ 11. Bc3 Bxc3+ 12. Qxc3 e4 13. Nd2 Nb6 14. Rc1 Bd7 15. Nd6 Bc6 16. Nf5 Rc8 17. Qb2 Qd7 18. Ng3 Bb5 19. Be2 Rxc1+ 20. Qxc1 Bxe2 21. Nxe2 Rc8 22. Qb2 Qb5 23. Nb1 Qd3 24. Nec3 Kf8 25. Qd2 Qxd2+ 26. Kxd2 a6 27. f3 exf3 28. gxf3 g6 29. Kd3 Rc6 30. Nd2 Ke7 31. h3 Nbd7 32. e4 Nb6 33. Nf1 Nh5 34. Ne3 Nf4+ 35. Kd2 Rd6 36. e5 Rc6 37. Ne2 Nxe2 38. Kxe2 Ke6 39. f4 Nc8 40. h4 Ne7 41. Kd3 Nf5 42. Ng4 Ng3 43. Re1 Ne4 44. Rxe4 dxe4+ 45. Kxe4 Rc2 46. d5+ Ke7 47. f5 gxf5+ 48. Kxf5 Rxa2 49. d6+ Kd8 50. Kf6 Rg2 51. Nh6 1-0


[Site "https://www.chess.com"]

[Event "Titled Tuesday Blitz June 28 Late 2022"]
[White "Lauridsen, Jesper Morch"]
[Black "Nozdrachev, Leonid"]
[WhiteFideId "1401890"]
[BlackFideId "24113433"]
[WhiteElo "2228"]
[BlackElo "2129"]
[Result "1-0"]
[Round "05"]
[TimeControl "180+1"]
[Date "2022.06.29"]
[WhiteClock "0:00:07"]
[BlackClock "0:00:12"]

1. e4 c6 2. d4 d5 3. exd5 cxd5 4. c4 Nf6 5. Nc3 Nc6 6. Nf3 Bg4 7. cxd5 Nxd5 8. Qb3 Bxf3 9. gxf3 Nb6 10. Be3 e6 11. O-O-O Rc8 12. Rg1 Bb4 13. Rxg7 Nd5 14. Kb1 Na5 15. Bb5+ Kf8 16. Qa4 Kxg7 17. Rg1+ Kf8 18. Nxd5 Nc6 19. Qxb4+ Ke8 20. Nf4 Qf6 21. Bxc6+ bxc6 22. Qb7 Qf5+ 23. Ka1 e5 24. Nh5 Kd8 25. Bg5+ f6 26. Bxf6+ Qxf6 27. Nxf6 Rc7 28. Qb8+ Ke7 29. Qxh8 Kd6 30. Rg7 Ke6 31. Qg8+ Kf5 32. Rxc7 exd4 33. Qg4+ Ke5 34. Rxc6 d3 35. Qe4# 1-0


[Site "https://www.chess.com"]

[Event "Titled Tuesday Blitz June 28 Late 2022"]
[White "Le Hetet, Nicolas"]
[Black "Isajevsky, Anton"]
[WhiteFideId "634824"]
[BlackFideId "4142500"]
[WhiteElo "2309"]
[BlackElo "2510"]
[Result "1-0"]
[Round "05"]
[TimeControl "180+1"]
[Date "2022.06.29"]
[WhiteClock "0:00:27"]
[BlackClock "0:00:01"]

1. e4 d6 2. d4 Nf6 3. Nc3 g6 4. f4 c5 5. Nf3 cxd4 6. Nxd4 Bg7 7. Be3 O-O 8. Be2 e5 9. Nb3 Nc6 10. fxe5 Nxe5 11. O-O Be6 12. Nd4 Qe7 13. Bg5 h6 14. Bh4 Rac8 15. Ndb5 a6 16. Qxd6 Qxd6 17. Nxd6 g5 18. Nxc8 Rxc8 19. Bg3 Nfg4 20. Bd3 b5 21. a3 Ne3 22. Bxe5 Bxe5 23. Rfc1 Bd4 24. Kh1 Bxc3 25. bxc3 Rxc3 26. a4 Bc4 27. axb5 axb5 28. Rab1 Bxd3 29. cxd3 Rxd3 30. Rxb5 Rd4 31. e5 Ng4 32. h3 Nf2+ 33. Kg1 Nd3 34. Rd1 Rd7 35. Rb8+ Kg7 36. e6 fxe6 37. Rb3 Nc5 38. Rxd7+ Nxd7 39. Rb7 1-0


[Site "https://www.chess.com"]

[Event "Titled Tuesday Blitz June 28 Late 2022"]
[White "Leenhouts, Koen"]
[Black "Paravyan, David"]
[WhiteFideId "1008439"]
[BlackFideId "4194985"]
[WhiteElo "2409"]
[BlackElo "2569"]
[Result "0-1"]
[Round "05"]
[TimeControl "180+1"]
[Date "2022.06.28"]
[WhiteClock "0:00:01"]
[BlackClock "0:00:37"]

1. d4 Nf6 2. c4 g6 3. Nc3 d5 4. cxd5 Nxd5 5. e4 Nxc3 6. bxc3 Bg7 7. Qa4+ Bd7 8. Qa3 O-O 9. Nf3 Bg4 10. Be2 e5 11. Be3 exd4 12. cxd4 Nc6 13. Rd1 Bxf3 14. Bxf3 Nxd4 15. Bxd4 Bxd4 16. O-O c5 17. e5 Qc7 18. e6 fxe6 19. Qb3 Rab8 20. Qxe6+ Kg7 21. Rfe1 Rf7 22. h4 Rbf8 23. Re2 Rxf3 24. gxf3 Qg3+ 25. Kf1 Qxf3 26. Qe4 Qxe4 27. Rxe4 Rxf2+ 28. Ke1 Rxa2 29. Re7+ Kf6 30. Rxb7 h5 31. Rd3 Kf5 32. Rf3+ Ke4 33. Rf8 a5 34. Re7+ Kd3 35. Rf3+ Kc4 36. Re6 Rh2 37. Rxg6 Rxh4 38. Ra6 Kb5 39. Ra8 a4 40. Rf7 Bc3+ 41. Ke2 Bb4 42. Rb7+ Kc6 43. Rg7 a3 44. Kd3 Rh3+ 45. Ke4 Kb5 46. Rb7+ Kc4 47. Rba7 Kb3 48. Kf5 h4 49. Kg4 Rh1 50. Rc7 h3 51. Kg3 c4 52. Rb7 a2 53. Rba7 Bd6+ 54. Kf3 Rf1+ 55. Ke2 h2 0-1


[Site "https://www.chess.com"]

[Event "Titled Tuesday Blitz June 28 Late 2022"]
[White "Lopez Gracia, Fernando"]
[Black "Rustemov, Alexander"]
[WhiteFideId "2207184"]
[BlackFideId "4119002"]
[WhiteElo "2471"]
[BlackElo "2739"]
[Result "1/2-1/2"]
[Round "05"]
[TimeControl "180+1"]
[Date "2022.06.28"]
[WhiteClock "0:02:02"]
[BlackClock "0:00:51"]

1. c4 c5 2. Nf3 g6 3. d4 Bg7 4. e4 cxd4 5. Nxd4 Nc6 6. Be3 d6 7. Nc3 Nf6 8. Be2 O-O 9. O-O Bd7 10. h3 Nxd4 11. Bxd4 Bc6 12. Qc2 a5 13. Rad1 Nd7 14. Bxg7 Kxg7 15. Bg4 Ne5 16. c5 a4 17. cxd6 exd6 18. Qd2 Qf6 19. Qxd6 Qxd6 20. Rxd6 Nc4 21. Rd4 Nxb2 22. a3 Rfd8 23. Nd5 b5 24. Be2 Bxd5 25. exd5 Nc4 26. Bxc4 bxc4 27. Rc1 Rac8 28. Rcxc4 Rxc4 29. Rxc4 Rxd5 30. Rxa4 Rd2 31. Ra6 Ra2 32. f3 h5 33. h4 Ra1+ 34. Kh2 Ra2 35. Kg3 Ra1 36. Kf4 Ra2 37. g3 Ra1 38. a4 Ra3 39. Ke4 Ra1 40. Ra8 Rg1 41. Kf4 Ra1 42. g4 hxg4 43. fxg4 Rf1+ 44. Kg3 Rg1+ 45. Kf3 Rh1 46. Kg3 Rg1+ 47. Kh3 Rh1+ 48. Kg3 Rg1+ 1/2-1/2


[Site "https://www.chess.com"]

[Event "Titled Tuesday Blitz June 28 Late 2022"]
[White "Maghsoodloo, Parham"]
[Black "Laurusas, Tomas"]
[WhiteFideId "12539929"]
[BlackFideId "12803731"]
[WhiteElo "2607"]
[BlackElo "2442"]
[Result "1/2-1/2"]
[Round "05"]
[TimeControl "180+1"]
[Date "2022.06.28"]
[WhiteClock "0:00:05"]
[BlackClock "0:00:07"]

1. d4 d5 2. c4 c6 3. Nf3 Nf6 4. e3 Bf5 5. Nc3 e6 6. Nh4 Bg6 7. Qb3 Qb6 8. Nxg6 hxg6 9. Bd2 Nbd7 10. O-O-O Be7 11. f3 Qc7 12. g4 g5 13. Kb1 O-O-O 14. cxd5 Nxd5 15. h3 Kb8 16. Ne4 e5 17. Bc4 exd4 18. exd4 N7b6 19. Nxg5 Nxc4 20. Qxc4 Bxg5 21. Bxg5 f6 22. Bc1 Qg3 23. Qf1 g5 24. Rd3 Qd6 25. a3 Rh7 26. Bd2 Re8 27. Rb3 Qc7 28. Qd3 Rhe7 29. h4 gxh4 30. Rxh4 Ka8 31. Ka2 a6 32. Rh5 Re2 33. Qg6 Rd8 34. Rh7 Re7 35. Rxe7 Qxe7 36. Qe4 Qd7 37. Qc2 Qe6 38. Qc4 Re8 39. a4 Qd7 40. a5 Re7 41. Rd3 Qe6 42. Kb3 Re8 43. f4 Qe2 44. g5 fxg5 45. fxg5 Qd1+ 46. Qc2 Qg4 47. Bc1 Re2 48. Qc4 Re4 49. Ka3 Qg1 50. Qc2 Re1 51. Bd2 Ra1+ 52. Kb3 Qg4 53. Qc4 Qd1+ 54. Qc2 Qg4 55. Qc4 Rd1 56. Qc2 Rf1 57. Bc1 Rg1 58. Bd2 Rg2 59. Ka3 Qe2 60. Qc5 Qxd3+ 61. b3 Qxd2 62. Qf8+ Ka7 63. Qc5+ Kb8 64. Qf8+ Kc7 65. Qf7+ Kc8 66. Qe8+ Kc7 67. Qf7+ Kd8 68. Qf8+ Kd7 69. Qf5+ Ke7 70. Qh7+ Kd6 71. Qg6+ Kc7 72. Qf7+ 1/2-1/2


[Site "https://www.chess.com"]